 Dungeon Crawl Stone Soup version 0.31-a0-1570-g93c622d222 (webtiles) character file.

Game seed: 10791712030820057100

28 Curundu the Chopper (level 2, -3/27 HPs)
             Began as a Minotaur Berserker on Jan 3, 2024.
             Was a Believer of Trog.
             Slain by Sigmund
             ... wielding a +0 scythe
              (6 damage)
             ... on level 2 of the Dungeon.
             The game lasted 00:03:52 (1008 turns).

Curundu the Chopper (Minotaur Berserker)            Turns: 1008, Time: 00:03:52

Health: -3/27      AC:  5    Str: 21    XL:     2   Next: 96%
Magic:  1/1        EV: 11    Int:  4    God:    Trog [**....]
Gold:   41         SH:  0    Dex:  9    Spells: 1/1 levels left

rFire   . . .        a - +0 hand axe
rCold   . . .        (no shield)
rNeg    . . .        i - +0 ring mail
rPois   .            (helmet restricted)
rElec   .            (no cloak)
rCorr   .            (no gloves)
SInv    .            (no boots)
Will    .....        (no amulet) Stlth
                     (no ring)
HPRegen 0.24/turn    (no ring)
MPRegen 0.07/turn

%: no passive effects
@: no status effects
A: horns 2, retaliatory headbutt
a: Renounce Religion, Berserk, Trog's Hand


You were on level 2 of the Dungeon.
You worshipped Trog.
Trog was pleased with you.
You visited 1 branch of the dungeon, and saw 2 of its levels.

You collected 41 gold pieces.

Inventory:

Hand Weapons
 a - a +0 hand axe (weapon)
Missiles
 b - 5 curare-tipped darts
 n - 4 boomerangs
 o - 4 poisoned darts
Armour
 i - a +0 ring mail (worn)
Jewellery
 j - a +6 ring of dexterity
 m - an amulet of the acrobat
Scrolls
 c - a scroll of brand weapon {unknown}
 d - a scroll of noise {unknown}
 e - 4 scrolls of identify {unknown}
 g - a scroll of enchant weapon {unknown}
 p - a scroll of poison {unknown}
Potions
 f - a potion of attraction {unknown}
 h - a potion of invisibility {unknown}
 k - a potion of enlightenment {unknown}
 l - a potion of might {unknown}


   Skills:
 - Level 4.1 Fighting
 + Level 4.2 Axes
 - Level 2.7 Armour
 - Level 2.5 Dodging


You had one spell level left.
You didn't know any spells.
Your spell library was empty.

Dungeon Overview and Level Annotations

Branches:
Dungeon (2/15)

Altars:

Annotations:
D:2 Sigmund


Innate Abilities, Weirdness & Mutations

You have a pair of horns on your head.
You reflexively headbutt those who attack you in melee.


Message History

The kobold misses you.
You closely miss the kobold. The kobold barely misses you.
You hit the kobold.
You kill the kobold!
Trog accepts your kill.
You can now call upon Trog for regeneration and willpower.
Things that are here:
a +0 club; a kobold corpse
Things that are here:
a +0 club; a kobold corpse A rat comes into view.
The rat squeaks loudly.
The rat barely misses you. You furiously retaliate!
You headbutt the rat.
You kill the rat!
Trog accepts your kill.
You see here a rat corpse.
Found a mace.
Found a book of Necromancy.
Sigmund the Dreaded comes into view.
He is wielding a +0 scythe and wearing a +1 robe of willpower.
Sigmund shouts!
Sigmund gestures wildly while chanting.
Sigmund flickers and vanishes!
Deactivating autopickup; reactivate with Ctrl-A.
Something hits you but does no damage.
You closely miss something.
You hear some strange, mumbled words.
Something tries to affect you, but you resist.
You closely miss something.
You hear some strange, mumbled words.
A puff of flame appears from out of thin air!
The puff of flame hits you! Something completely misses you.
You barely miss something. You closely miss something.
Your headbutt misses something. Something hits you!
* * * LOW HITPOINT WARNING * * *
You miss something. Something hits you but does no damage.
You miss something. You headbutt something! You barely miss something.
Something hits you.
* * * LOW HITPOINT WARNING * * *
You closely miss something. Something hits you.
You die...

#.#
#.#####.#.#
#.#
#.........#
#.#
#######.###
#.. #.....#
#.##### #.#
#.#
#.########
#...@{...#
########.#


There were no monsters in sight!

Vanquished Creatures
  A ribbon worm (D:2)
  5 hobgoblins (D:1)
  7 kobolds
  5 ball pythons (D:1)
  5 bats (D:1)
  A frilled lizard (D:2)
  A rat (D:2)
25 creatures vanquished.

Notes
Turn   | Place    | Note
-------+----------+-------------------------------------------
     0 | D:1      | Curundu the Minotaur Berserker began the quest for the Orb.
     0 | D:1      | Reached XP level 1. HP: 19/19 MP: 0/0
   329 | D:1      | Reached XP level 2. HP: 24/27 MP: 1/1
   951 | D:2      | Reached ** piety under Trog
   996 | D:2      | Noticed Sigmund
  1008 | D:2      | Slain by Sigmund

Illustrated notes

Levels and vault maps discovered:
D:1:      lemuel_arrival_muddy, layout_loops_ring
D:2:      layout_loops_ring, uniq_sigmund

Skill      XL: |  1  2 |
---------------+-------+-----
Fighting       | 4 |  4.1
Axes           | 4 |  4.2
Armour         | |  2.7
Dodging        | |  2.5

Action                     || total
---------------------------++-------
  Melee: Hand axe          ||    65
         Headbutt          ||     7
 Armour: Animal skin       ||    12
         Ring mail         ||    49
  Dodge: Dodged            ||    41

Table legend: (Time is in decaauts)
 A = Elapsed time spent in this place.
 B = Non-inter-level travel time spent in this place.
 C = Inter-level travel time spent in this place.
 D = Time resting spent in this place.
 E = Time spent auto-exploring this place.
 F = Levels seen in this place.
 G = Mean time per level.
                   A        B        C        D        E       F      G
               +--------+--------+--------+--------+--------+-----+--------+
         Total |   1015 |   1015 |      0 |      0 |    692 |   2 |  507.5 |
       Dungeon |   1015 |   1015 |      0 |      0 |    692 |   2 |  507.5 |
               +--------+--------+--------+--------+--------+-----+--------+

Top non-repeatable levels by time:
     D:1: 771 daAuts
     D:2: 243 daAuts
